[Event "Titled Tuesday Blitz March 01 Late 2022"]
[White "Caruana, Fabiano"]
[Black "Muradli, Mahammad"]
[WhiteFideId "2020009"]
[BlackFideId "13409301"]
[WhiteElo "2744"]
[BlackElo "2645"]
[Result "1-0"]
[Round "06"]
[TimeControl "180+1"]
[Date "2022.03.01"]
[WhiteClock "0:00:04"]
[BlackClock "0:00:02"]

1. Nf3 Nf6 2. g3 b6 3. Bg2 Bb7 4. O-O g6 5. c4 Bg7 6. Nc3 c5 7. Re1 O-O 8. e4 Nc6 9. d3 d6 10. h3 Nd7 11. Be3 Nde5 12. Nh2 Nd4 13. Bxd4 cxd4 14. Ne2 Nd7 15. f4 a6 16. g4 b5 17. b3 Qb6 18. Kh1 a5 19. Nf3 a4 20. Rb1 axb3 21. Rxb3 Rxa2 22. Rxb5 Qa7 23. Nc1 Ra1 24. Qe2 Nc5 25. e5 Ne6 26. Qd2 Bxf3 27. Bxf3 dxe5 28. fxe5 Nc5 29. Kg2 Ra3 30. h4 Rc3 31. h5 gxh5 32. gxh5 h6 33. Be4 Kh8 34. Bf3 Rg8 35. Kf1 Ne6 36. Ne2 Ra3 37. Ng3 Ng5 38. Bg2 e6 39. Rb7 Qa6 40. Qe2 Ra2 41. Rb2 Ra5 42. Qf2 Rxe5 43. Rbe2 Rxe2 44. Rxe2 f5 45. Re1 Qa3 46. Qd2 Qd6 47. Ne2 Qh2 48. Qf4 Qxh5 49. Ng3 Qg6 50. c5 e5 51. Qh4 Bf6 52. Qh5 f4 53. Qxg6 Rxg6 54. Nf5 f3 55. Bh1 Bd8 56. Rxe5 Bc7 57. Re8+ Rg8 58. Rxg8+ Kxg8 59. Nxd4 Kf7 60. Nb5 Be5 61. d4 Bf4 62. Kf2 Ke7 63. Bxf3 Kd7 64. Bg2 Kd8 65. d5 Nf7 66. Kf3 Be5 67. Ke4 Bh2 68. d6 Bg1 69. Kd5 1-0


[Site "https://www.chess.com"]

[Event "Titled Tuesday Blitz March 01 Late 2022"]
[White "Celestino, Rafael Teixeira"]
[Black "Calcada, Lucas Galvan"]
[WhiteFideId "2108925"]
[BlackFideId "22746099"]
[WhiteElo "2290"]
[BlackElo "1402"]
[Result "0-1"]
[Round "06"]
[TimeControl "180+1"]
[Date "2022.03.02"]
[WhiteClock "0:01:43"]
[BlackClock "0:01:22"]

1. e4 c5 2. Nf3 d6 3. d4 cxd4 4. Nxd4 Nf6 5. Nc3 a6 6. Be2 e6 7. O-O Qc7 8. Re1 b5 9. Bg5 Be7 10. Bf3 Bb7 11. Bxf6 Bxf6 12. Ndxb5 axb5 13. Nxb5 Qb6 14. Nxd6+ Ke7 15. Nxb7 Bd4 16. Kf1 e5 17. c3 Bxf2 18. Re2 Qxb7 19. Rxf2 Rd8 20. Qb3 Qxb3 21. axb3 Rxa1+ 22. Ke2 Rb1 23. Ke3 Nc6 24. Bh5 g6 25. Bg4 Re1+ 26. Kf3 h5 0-1


[Site "https://www.chess.com"]

[Event "Titled Tuesday Blitz March 01 Late 2022"]
[White "Christie, Joshua"]
[Black "Kosakowski, Jakub"]
[WhiteFideId "7402074"]
[BlackFideId "1185080"]
[WhiteElo "2078"]
[BlackElo "2476"]
[Result "0-1"]
[Round "06"]
[TimeControl "180+1"]
[Date "2022.03.01"]
[WhiteClock "0:00:04"]
[BlackClock "0:01:07"]

1. c4 e5 2. Nc3 Bb4 3. g3 Bxc3 4. dxc3 Nf6 5. e4 O-O 6. f3 d6 7. Bg2 Be6 8. b3 a5 9. Nh3 a4 10. Be3 h6 11. O-O Qc8 12. Nf2 Nbd7 13. f4 exf4 14. gxf4 axb3 15. axb3 Rxa1 16. Qxa1 Ng4 17. Nxg4 Bxg4 18. Qe1 Re8 19. Qg3 f5 20. Bd4 c5 21. Be3 Nf6 22. e5 dxe5 23. fxe5 Nh5 24. Qf2 Rxe5 25. h3 Nf6 26. Bxc5 Rxc5 27. hxg4 Nxg4 28. Qd4 Qc7 29. Re1 Qh2+ 30. Kf1 Re5 31. Rxe5 Nxe5 32. Qd5+ Kh7 33. Qxb7 Qf4+ 34. Kg1 Qe3+ 35. Kf1 Ng4 36. Bf3 Qf2# 0-1


[Site "https://www.chess.com"]

[Event "Titled Tuesday Blitz March 01 Late 2022"]
[White "Corrales Jimenez, Fidel"]
[Black "Sadhwani, Raunak"]
[WhiteFideId "3506690"]
[BlackFideId "35093487"]
[WhiteElo "2541"]
[BlackElo "2616"]
[Result "0-1"]
[Round "06"]
[TimeControl "180+1"]
[Date "2022.03.01"]
[WhiteClock "0:00:02"]
[BlackClock "0:00:09"]

1. e4 e5 2. Nf3 Nc6 3. Bb5 Nge7 4. O-O Ng6 5. d4 exd4 6. Nxd4 Bc5 7. Be3 Bxd4 8. Bxd4 Qg5 9. Bxc6 bxc6 10. Nc3 d6 11. Be3 Qe7 12. f4 f6 13. Qd4 Qf7 14. Qa4 Bd7 15. Qa5 Bc8 16. f5 Ne5 17. Bf4 Nc4 18. Qa4 Bd7 19. b3 Nb6 20. Qd4 O-O 21. a4 a5 22. Rf3 c5 23. Qd2 Bc6 24. Rg3 Kh8 25. Rh3 Rg8 26. Qf2 g5 27. Bd2 Nd7 28. Re1 Ne5 29. Nd1 h5 30. Bc3 Rae8 31. Nb2 h4 32. Nd3 Ng4 33. Qf3 Nh6 34. Nf2 d5 35. Ng4 Nxg4 36. Qxg4 d4 37. Bxa5 Re5 38. c3 Qe7 39. cxd4 cxd4 40. Bd2 Bxe4 41. Rxh4+ gxh4 42. Qxh4+ Qh7 43. Rxe4 Rxf5 44. Qe1 Rh5 45. Bf4 Qg6 46. Bg3 c5 47. Rf4 Rf5 48. Rh4+ Rh5 49. Rf4 Rg5 50. Qf2 Rf8 51. Rh4+ Kg7 52. Qf1 Rf7 53. Bf4 Rg4 54. Bh6+ Kg8 55. Rh3 Re4 56. Rg3 Rg4 57. Rh3 f5 58. Bf4 Qe6 59. Rh6 Qe4 60. g3 Rfg7 61. Qh3 Qxf4 62. Rh8+ Kf7 63. Qh5+ R4g6 64. Ra8 Qe3+ 65. Kf1 Qe4 66. Ra7+ Kf6 67. Qh8 Qd3+ 68. Kg2 Qe2+ 69. Kh3 Qg4+ 70. Kg2 Qe4+ 71. Kg1 d3 72. Qf8+ Kg5 73. Qd8+ Kg4 74. Qh4+ Kf3 75. Qh5+ Ke3 76. Qd1 d2 77. Qf1 Rxg3+ 78. hxg3 Rxg3+ 79. Kh2 Qh4+ 0-1


[Site "https://www.chess.com"]

[Event "Titled Tuesday Blitz March 01 Late 2022"]
[White "Curtis, John"]
[Black "Jarocka, Liwia"]
[WhiteFideId "3200256"]
[BlackFideId "21807558"]
[WhiteElo "2203"]
[BlackElo "1896"]
[Result "1-0"]
[Round "06"]
[TimeControl "180+1"]
[Date "2022.03.02"]
[WhiteClock "0:00:11"]
[BlackClock "0:00:43"]

1. e4 c5 2. Nf3 d6 3. d4 cxd4 4. Nxd4 Nf6 5. Nc3 Nc6 6. Bc4 e6 7. Bb3 Be7 8. f4 O-O 9. O-O Na5 10. f5 Nxb3 11. axb3 e5 12. Nde2 b6 13. Bg5 Bb7 14. Bxf6 Bxf6 15. Nd5 Bxd5 16. Qxd5 Qc7 17. c4 Bg5 18. Qd3 Rfd8 19. Nc3 Qc5+ 20. Kh1 Qe3 21. Qxe3 Bxe3 22. Nd5 Bc5 23. b4 Bd4 24. Ra2 a5 25. Rfa1 h6 26. g4 Rab8 27. bxa5 bxa5 28. Ne7+ Kf8 29. Nc6 Rdc8 30. Nxb8 Rxb8 31. Rxa5 Rxb2 32. Ra8+ Ke7 33. Rg8 Kf6 34. Raa8 Be3 35. Rgd8 Bc5 36. Rac8 Rb1+ 37. Kg2 Rb2+ 38. Kf3 Rb3+ 39. Kg2 Rb2+ 40. Kf1 Rb1+ 41. Ke2 Rb2+ 42. Kd1 Rxh2 43. Rd7 Rh1+ 44. Kc2 Rh2+ 45. Kb3 Re2 46. Rcc7 Rxe4 47. Rxf7+ Kg5 48. Rxg7+ Kf4 49. f6 Ke3 50. f7 Rf4 51. Rc8 d5 52. Rxc5 1-0


[Site "https://www.chess.com"]

[Event "Titled Tuesday Blitz March 01 Late 2022"]
[White "Daggupati, Balaji"]
[Black "Krishnan, Varun"]
[WhiteFideId "2090759"]
[BlackFideId "5054508"]
[WhiteElo "2741"]
[BlackElo "2623"]
[Result "1-0"]
[Round "06"]
[TimeControl "180+1"]
[Date "2022.03.01"]
[WhiteClock "0:00:58"]
[BlackClock "0:00:03"]

1. e4 c5 2. Nf3 e6 3. d4 cxd4 4. Nxd4 Nc6 5. Nc3 Qc7 6. Be2 Nf6 7. O-O a6 8. Kh1 Bb4 9. Qd3 Bxc3 10. bxc3 O-O 11. Bg5 Qe5 12. f4 Qxe4 13. Qg3 Qg6 14. Bd3 Ne4 15. Bxe4 Qxe4 16. f5 f6 17. Bh6 Rf7 18. fxe6 dxe6 19. Rxf6 Re7 20. Raf1 Bd7 21. Qf2 Ree8 22. Bxg7 Kxg7 23. Rf7+ Kg8 24. Qf6 Qg6 25. Qxg6+ hxg6 26. Rxd7 Rf8 27. Re1 Nxd4 28. cxd4 Rad8 29. Rxb7 Rxd4 30. h3 Rd2 31. Rxe6 Rxc2 32. Rxg6+ Kh8 33. Rh6+ Kg8 34. Rxa6 Rf1+ 35. Kh2 Rc8 36. Rg6+ Kh8 37. Rh6+ Kg8 38. Rhh7 Rf2 39. Rbg7+ Kf8 40. Ra7 Kg8 41. Rhg7+ Kh8 42. Rg4 Rcc2 43. Ra8+ Kh7 44. Ra5 Kh6 45. Ra6+ Kh7 46. Ra7+ Kh6 47. a4 Rf1 48. Ra8 Kh7 49. a5 Rcc1 50. Rb8 Rh1+ 51. Kg3 Rc3+ 52. Kh4 Rf1 53. Rb5 Rf6 54. Rh5+ Rh6 55. Rxh6+ Kxh6 56. Ra4 Rc7 57. a6 Ra7 58. Kg4 Kg6 59. Kf4 Kf6 60. h4 Kg6 61. Ke5 Re7+ 62. Kd6 Ra7 63. Kc6 Ra8 64. Kb7 Rg8 65. a7 Kh5 66. a8=Q Rxa8 1-0


[Site "https://www.chess.com"]

[Event "Titled Tuesday Blitz March 01 Late 2022"]
[White "Debray, Christopher"]
[Black "Steenbekkers, Franck"]
[WhiteFideId "630810"]
[BlackFideId "1004220"]
[WhiteElo "2369"]
[BlackElo "2166"]
[Result "0-1"]
[Round "06"]
[TimeControl "180+1"]
[Date "2022.03.02"]
[WhiteClock "0:00:01"]
[BlackClock "0:00:06"]

1. d4 Nf6 2. Nf3 g6 3. g3 Bg7 4. Bg2 O-O 5. O-O d5 6. c4 c6 7. Nc3 Ne4 8. Qb3 a5 9. Rd1 dxc4 10. Qxc4 Nd6 11. Qd3 Na6 12. e4 Nb4 13. Qe2 b6 14. Ne1 Ba6 15. Qe3 Bc4 16. b3 Be6 17. Bb2 b5 18. d5 cxd5 19. exd5 Bf5 20. a3 Nc2 21. Nxc2 Bxc2 22. Re1 Re8 23. Nd1 Bf6 24. Be5 Bxe5 25. Qxe5 Bxb3 26. Ne3 b4 27. Ng4 f6 28. Qe6+ Kg7 29. axb4 axb4 30. Rab1 Bc2 31. Rxb4 Bf5 32. Qe3 Qa5 33. Rd4 Rac8 34. Rdd1 Bxg4 35. Ra1 Qc3 36. Qf4 Bd7 37. Rxe7+ Rxe7 38. Ra7 Rce8 39. Qxd6 Qe1+ 40. Bf1 Bh3 41. Rxe7+ Rxe7 0-1


[Site "https://www.chess.com"]

[Event "Titled Tuesday Blitz March 01 Late 2022"]
[White "Demchenko, Anton"]
[Black "Maltsevskaya, Aleksandra"]
[WhiteFideId "4160258"]
[BlackFideId "24174041"]
[WhiteElo "2539"]
[BlackElo "2283"]
[Result "1-0"]
[Round "06"]
[TimeControl "180+1"]
[Date "2022.03.01"]
[WhiteClock "0:00:32"]
[BlackClock "0:00:02"]

1. e4 c5 2. Nf3 Nc6 3. Bb5 g6 4. O-O Bg7 5. d3 Nf6 6. Nc3 O-O 7. e5 Ne8 8. Re1 Nc7 9. Bxc6 bxc6 10. Ne4 Ne6 11. Bd2 d5 12. Neg5 Rb8 13. b3 c4 14. Nxe6 Bxe6 15. Be3 a5 16. h3 a4 17. Rb1 cxb3 18. axb3 axb3 19. cxb3 Qa5 20. Qc2 Rfc8 21. Bc5 Rb7 22. b4 Qa8 23. Nd4 Qb8 24. Nxe6 fxe6 25. f4 Rb5 26. h4 Qb7 27. g3 h5 28. Kg2 Kf7 29. Qc3 Ra8 30. Ra1 Bf8 31. Kh3 Rb8 32. Ra7 Qc8 33. Rea1 R5b7 34. R7a6 Rb5 35. d4 Qd7 36. R1a4 R5b7 37. Qf3 Rb5 38. g4 hxg4+ 39. Qxg4 Rxc5 40. dxc5 d4 41. h5 gxh5 42. Qxh5+ Kg7 43. Ra2 Kg8 44. Rg2+ Bg7 45. Qg6 1-0


[Site "https://www.chess.com"]

[Event "Titled Tuesday Blitz March 01 Late 2022"]
[White "Demidov, Mikhail"]
[Black "Bilych, Olexiy"]
[WhiteFideId "4197143"]
[BlackFideId "14156504"]
[WhiteElo "2525"]
[BlackElo "2195"]
[Result "1-0"]
[Round "06"]
[TimeControl "180+1"]
[Date "2022.03.01"]
[WhiteClock "0:00:13"]
[BlackClock "0:00:06"]

1. Nf3 d5 2. d4 Nf6 3. Bf4 e6 4. e3 Bd6 5. Bg3 O-O 6. c4 dxc4 7. Bxc4 c5 8. dxc5 Bxc5 9. O-O Qe7 10. Nc3 Rd8 11. Qe2 a6 12. Rfd1 Rxd1+ 13. Rxd1 b5 14. Bb3 Bb7 15. Bh4 Nbd7 16. e4 Qe8 17. e5 Bxf3 18. gxf3 Nh5 19. Bg3 Nf8 20. f4 g6 21. Ne4 Be7 22. Rd3 Ng7 23. Rc3 Rc8 24. Qc2 Rxc3 25. Qxc3 Qd7 26. Qd2 Qxd2 27. Nxd2 Nd7 28. Bc2 Nb6 29. Kf1 Kf8 30. Ne4 Ke8 31. Ng5 h6 32. Ne4 Nf5 33. Bd3 Kd7 34. Ke2 Nd5 35. Kd2 Kc6 36. a3 Nd4 37. Nc3 Nxc3 38. Kxc3 Nf5 39. Be4+ Kb6 40. b4 a5 41. f3 axb4+ 42. axb4 Ka6 43. Bf2 Ng7 44. Bc6 Nf5 45. Be8 g5 46. fxg5 Bxg5 47. Bxf7 Bh4 48. Bxh4 Nxh4 49. f4 Ng2 50. Bxe6 Nxf4 51. Bf7 Kb6 52. Kd4 Kc6 53. Ke4 Ne2 54. Kf5 Nd4+ 55. Kf6 Kd7 56. Bg6 Nc6 57. Bf5+ Kc7 58. e6 Nxb4 59. e7 Nd5+ 60. Ke6 Nxe7 61. Kxe7 h5 62. h4 b4 63. Bg6 b3 64. Bxh5 b2 65. Bg6 Kc6 66. h5 Kd5 67. h6 1-0


[Site "https://www.chess.com"]

[Event "Titled Tuesday Blitz March 01 Late 2022"]
[White "Derraugh, Geordie"]
[Black "Prohorov, Olexandr"]
[WhiteFideId "2603950"]
[BlackFideId "14105578"]
[WhiteElo "2116"]
[BlackElo "1993"]
[Result "1-0"]
[Round "06"]
[TimeControl "180+1"]
[Date "2022.03.02"]
[WhiteClock "0:00:52"]
[BlackClock "0:00:03"]

1. e4 c5 2. c3 Nf6 3. e5 Nd5 4. d4 cxd4 5. Nf3 Nc6 6. cxd4 d6 7. exd6 Qxd6 8. Nc3 g6 9. Bc4 Nxc3 10. bxc3 Bg7 11. O-O O-O 12. Re1 Na5 13. Bd3 Be6 14. a4 Rac8 15. Ba3 Qd7 16. Ne5 Bxe5 17. Rxe5 Nc4 18. Bxc4 Rxc4 19. d5 Bf5 20. Rxe7 Qc8 21. Bb4 Rd8 22. d6 Qc6 23. Qd2 Rd7 24. Qh6 Rd8 25. Rae1 b6 26. Rxf7 Kxf7 27. Qxh7+ Kf6 28. Qe7# 1-0


[Site "https://www.chess.com"]

[Event "Titled Tuesday Blitz March 01 Late 2022"]
[White "Desideri, Ricardo Maruchi"]
[Black "Peatman, Carter"]
[WhiteFideId "2110440"]
[BlackFideId "2096480"]
[WhiteElo "1945"]
[BlackElo "2279"]
[Result "0-1"]
[Round "06"]
[TimeControl "180+1"]
[Date "2022.03.02"]
[WhiteClock "0:00:01"]
[BlackClock "0:00:49"]

1. e4 c5 2. Nf3 d6 3. d4 cxd4 4. Nxd4 Nf6 5. Nc3 Nc6 6. Be3 e5 7. Ndb5 a6 8. Na3 Be7 9. Nd5 Be6 10. Bb6 Qc8 11. Nc7+ Kf8 12. Nxa8 Qxa8 13. Bd3 Qc8 14. O-O h5 15. c3 h4 16. Nc2 Rh6 17. f4 exf4 18. Rxf4 Ne5 19. Nd4 Bg4 20. Be2 Rg6 21. Bxg4 Nfxg4 22. Nf5 Bg5 23. Rf1 Qc6 24. Qd4 Nc4 25. Ba7 Nge3 26. Rf3 Bf6 27. Rxe3 Bxd4 28. Bxd4 Nxe3 29. Nxe3 Qxe4 30. Rf1 Kg8 31. Rf2 h3 32. g3 Qb1+ 33. Nf1 Qxa2 34. Re2 Re6 0-1


[Site "https://www.chess.com"]

[Event "Titled Tuesday Blitz March 01 Late 2022"]
[White "Dobre, Claudiu-Cristian"]
[Black "Dias, Joao Batista"]
[WhiteFideId "1211854"]
[BlackFideId "2108240"]
[WhiteElo "2207"]
[BlackElo "1898"]
[Result "1-0"]
[Round "06"]
[TimeControl "180+1"]
[Date "2022.03.02"]
[WhiteClock "0:00:07"]
[BlackClock "0:00:35"]

1. c4 c5 2. Nf3 Nc6 3. d4 g6 4. e4 Nxd4 5. Nxd4 cxd4 6. Qxd4 f6 7. Nc3 e6 8. h4 Bg7 9. h5 Ne7 10. h6 Bf8 11. Qxf6 Rg8 12. e5 Nf5 13. Ne4 Be7 14. g4 Bxf6 15. Nxf6+ Kf7 16. gxf5 exf5 17. Nxg8 Kxg8 18. Bg2 Qa5+ 19. Kf1 Qxe5 20. Bd5+ Kf8 21. Be3 Qxb2 22. Bc5+ Ke8 23. Re1+ Kd8 24. Rh3 d6 25. Bxd6 Kd7 26. c5 Qd4 27. Bf7 Kc6 28. Re8 f4 29. Rb3 Qd1+ 30. Re1 Qd4 31. Rbb1 Bf5 32. Rbd1 Bd3+ 33. Kg2 f3+ 34. Kxf3 Qf6+ 35. Kg2 Qxf7 36. Rxd3 Qf5 37. Rf3 Qd5 38. Kg3 Qg5+ 39. Kh2 Qxh6+ 40. Rh3 Qd2 41. Rf1 Re8 42. Rxh7 Re2 43. Rc7+ Kd5 44. Bg3 Re6 45. Rd7+ Kxc5 46. Rxd2 g5 47. Rc1+ Kb6 48. Rb2+ Ka6 49. Rc3 b6 50. Kg2 g4 51. Rc4 Rg6 52. Rbb4 Kb7 53. Rxg4 Rc6 54. Rbc4 Re6 55. Rc7+ Ka6 56. Ra4+ Kb5 57. Raxa7 Re2 58. a4+ Kb4 59. Bd6+ Kb3 60. a5 bxa5 61. Rab7+ Ka4 62. Rc4# 1-0


[Site "https://www.chess.com"]

[Event "Titled Tuesday Blitz March 01 Late 2022"]
[White "Domingo Nunez, Alejandro"]
[Black "Boyer, Mahel"]
[WhiteFideId "22245561"]
[BlackFideId "45102422"]
[WhiteElo "2215"]
[BlackElo "2328"]
[Result "1-0"]
[Round "06"]
[TimeControl "180+1"]
[Date "2022.03.01"]
[WhiteClock "0:00:47"]
[BlackClock "0:00:38"]

1. Nf3 g6 2. g3 Bg7 3. d4 c5 4. d5 Nf6 5. Bg2 O-O 6. O-O d6 7. Nc3 Nbd7 8. a4 a6 9. Nd2 Rb8 10. a5 b5 11. axb6 Nxb6 12. h3 e6 13. dxe6 Bxe6 14. Nde4 Nxe4 15. Nxe4 Nc4 16. Rxa6 Nxb2 17. Bxb2 Rxb2 18. Rxd6 Qe7 19. Nxc5 Bc4 20. Ne4 f5 21. Rd7 Qe5 22. Ng5 Bxe2 23. Qd5+ Qxd5 24. Bxd5+ Kh8 25. Re1 Rxc2 26. Nf7+ Rxf7 27. Bxf7 Bf6 28. Bb3 Rb2 29. Bd1 Bxd1 30. Re8# 1-0


[Site "https://www.chess.com"]

[Event "Titled Tuesday Blitz March 01 Late 2022"]
[White "Dong, Bao Nghia"]
[Black "Renjith, Sravan"]
[WhiteFideId "12400343"]
[BlackFideId "4306783"]
[WhiteElo "2360"]
[BlackElo "1863"]
[Result "0-1"]
[Round "06"]
[TimeControl "180+1"]
[Date "2022.03.02"]
[WhiteClock "0:01:29"]
[BlackClock "0:00:08"]

1. d4 d5 2. c4 e6 3. Nc3 c5 4. cxd5 exd5 5. Nf3 Nc6 6. e3 Nf6 7. Bb5 a6 8. Bxc6+ bxc6 9. O-O Be7 10. h3 O-O 11. b3 Rb8 12. dxc5 Bxc5 13. Na4 Bd6 14. Bb2 Ne4 15. Rc1 Bd7 16. Ne5 Qe8 17. Nxd7 Qxd7 18. Qd4 f6 19. Qd3 Qb7 20. Rfd1 Be5 21. Ba3 Rfd8 22. f3 Ng3 23. Nc5 Qb5 24. Qxb5 axb5 25. Nd3 Ne2+ 26. Kf1 Nxc1 27. Rxc1 Ra8 28. Bb4 Rxa2 29. Rxc6 d4 30. e4 Ra1+ 31. Ke2 Rda8 32. Bd2 R8a2 33. Nb4 Rb2 34. Nd3 Rxb3 35. f4 Rg1 36. fxe5 Rxg2+ 37. Nf2 fxe5 38. Rc5 Rb2 39. Rxe5 Rxf2+ 40. Kxf2 Rxd2+ 41. Ke1 Rd3 42. Rxb5 Rxh3 43. Kd2 Re3 44. e5 Kf7 45. Rd5 Ke6 0-1


[Site "https://www.chess.com"]

[Event "Titled Tuesday Blitz March 01 Late 2022"]
[White "Dourerassou, Jonathan"]
[Black "Zhurbinsky, David"]
[WhiteFideId "628050"]
[BlackFideId "2072904"]
[WhiteElo "2513"]
[BlackElo "2520"]
[Result "1-0"]
[Round "06"]
[TimeControl "180+1"]
[Date "2022.03.02"]
[WhiteClock "0:01:15"]
[BlackClock "0:00:08"]

1. e4 e5 2. Nf3 Nc6 3. Bc4 Bc5 4. c3 Nf6 5. d3 O-O 6. Bb3 d6 7. O-O a6 8. h3 Qe7 9. Bg5 h6 10. Be3 Bxe3 11. fxe3 Be6 12. Nbd2 d5 13. exd5 Bxd5 14. e4 Bxb3 15. Qxb3 Rad8 16. Qxb7 Qc5+ 17. d4 exd4 18. Nb3 Qd6 19. Nfxd4 Nxd4 20. cxd4 Rb8 21. e5 Rxb7 22. exd6 cxd6 23. Rf2 Ne4 24. Re2 f5 25. Rc1 Rfb8 26. g4 g6 27. Kg2 a5 28. Rc4 Rb5 29. Ra4 Ra8 30. gxf5 gxf5 31. h4 Kh7 32. Kf3 Rg8 33. Rxa5 Rxa5 34. Nxa5 Rg4 35. Rh2 Kg6 36. Nc4 Rg3+ 37. Ke2 Kh5 38. Ne3 f4 39. Nf5 Rg4 40. Kf3 Nf6 41. Nxd6 Nd5 42. Ne4 Rg7 43. a4 Re7 44. Rc2 Rb7 45. Rc5 Rb3+ 46. Nc3 Kxh4 47. Rxd5 h5 48. Kxf4 Rxb2 49. Ne4 Rf2+ 50. Ke3 Rg2 51. Nd2 Rg3+ 52. Nf3+ Kg4 53. Rg5+ Kh3 54. Rxg3+ Kxg3 55. a5 h4 56. a6 h3 57. a7 Kg2 58. a8=Q h2 59. Nxh2+ Kg3 60. Qg8+ Kh3 61. Kf3 Kh4 62. Qg4# 1-0


[Site "https://www.chess.com"]

[Event "Titled Tuesday Blitz March 01 Late 2022"]
[White "Dubov, Daniil"]
[Black "Djokic, Mihailo"]
[WhiteFideId "24126055"]
[BlackFideId "976440"]
[WhiteElo "2791"]
[BlackElo "2008"]
[Result "1-0"]
[Round "06"]
[TimeControl "180+1"]
[Date "2022.03.01"]
[WhiteClock "0:00:03"]
[BlackClock "0:00:01"]

1. e4 c5 2. Nf3 d6 3. d4 cxd4 4. Nxd4 Nf6 5. Nc3 g6 6. Be3 Bg7 7. f3 O-O 8. Qd2 Nc6 9. O-O-O Bd7 10. h4 Rc8 11. Kb1 Ne5 12. h5 Nxh5 13. g4 Ng3 14. Rh3 Nxf1 15. Rxf1 Nc4 16. Qc1 Nxe3 17. Qxe3 Qb6 18. Nd5 Qd8 19. Rfh1 h5 20. Nf5 Bxf5 21. exf5 e6 22. fxe6 Re8 23. e7 Qa5 24. Qd3 Rc5 25. b4 Rb5 26. a3 hxg4 27. fxg4 Rxd5 28. bxa5 Rxd3 29. Rxd3 Rxe7 30. Rxd6 Be5 31. Rd5 Bc3 32. Ka2 Kg7 33. Kb3 Be5 34. Rhd1 Bf4 35. Rd7 Re3+ 36. R1d3 Re5 37. Rxb7 Rxa5 38. Rdd7 Kh6 39. Rxf7 Bd6 40. a4 Rc5 41. Rb5 Rc6 42. Rf6 1-0


[Site "https://www.chess.com"]

[Event "Titled Tuesday Blitz March 01 Late 2022"]
[White "Elissalt Cardenas, Hector"]
[Black "P., Komal Kishore"]
[WhiteFideId "3500632"]
[BlackFideId "5016703"]
[WhiteElo "2159"]
[BlackElo "2088"]
[Result "1-0"]
[Round "06"]
[TimeControl "180+1"]
[Date "2022.03.02"]
[WhiteClock "0:00:13"]
[BlackClock "0:00:01"]

1. d4 d5 2. Bf4 Nf6 3. e3 e6 4. Bd3 Bd6 5. Bg5 O-O 6. f4 c5 7. c3 Nc6 8. Nd2 h6 9. h4 Be7 10. Qf3 c4 11. Bc2 Bd7 12. g4 Nh7 13. Bxe7 Qxe7 14. g5 f5 15. O-O-O Be8 16. gxh6 gxh6 17. Ne2 Kh8 18. Rdg1 Bf7 19. Ng3 Rg8 20. Bd1 Nf6 21. Qf2 Ng4 22. Bxg4 Rxg4 23. Nf3 Rag8 24. Ne2 Bh5 25. Ng3 Be8 26. Nf1 Bh5 27. N1h2 R4g7 28. Rxg7 Rxg7 29. Rg1 Nb8 30. Ne5 Nd7 31. Nhf3 Nf6 32. Nd2 Ng4 33. Nxg4 fxg4 34. Nf1 Bf7 35. Rh1 h5 36. Ng3 Bg6 37. Kd2 Rf7 38. Qe1 Kg7 39. Qf2 Kh6 40. Qe1 b5 41. a3 a5 42. Qd1 b4 43. axb4 axb4 44. Qa4 bxc3+ 45. bxc3 Qb7 46. Qa3 Qa7 47. Ra1 Qe7 48. Qxe7 Rxe7 49. Ra6 Kg7 50. Rb6 Kf6 51. f5 Bxf5 52. Nxh5+ Kg6 53. Ng3 Rh7 54. h5+ Kg5 55. Ke1 Rh6 56. Kf2 Rh8 57. Rb7 Ra8 58. Rg7+ Kh6 59. Nxf5+ exf5 60. Rf7 1-0


[Site "https://www.chess.com"]

[Event "Titled Tuesday Blitz March 01 Late 2022"]
[White "Erdogdu, Mert"]
[Black "Perez Torres, Nabi Isaias"]
[WhiteFideId "6301495"]
[BlackFideId "5120373"]
[WhiteElo "2485"]
[BlackElo "1755"]
[Result "1-0"]
[Round "06"]
[TimeControl "180+1"]
[Date "2022.03.02"]
[WhiteClock "0:00:06"]
[BlackClock "0:00:04"]

1. e4 c5 2. Nf3 e6 3. d4 cxd4 4. Nxd4 Nc6 5. Nc3 Qc7 6. Be3 a6 7. Qd2 Nf6 8. O-O-O b5 9. f3 Be7 10. g4 Bb7 11. g5 Nh5 12. Nxc6 dxc6 13. Qe1 e5 14. Ne2 O-O 15. Ng3 Nf4 16. h4 g6 17. Bh3 Rad8 18. Bg4 Bc8 19. Bxc8 Qxc8 20. Qf2 c5 21. Ne2 Ne6 22. Qh2 Qc7 23. Nc3 b4 24. Nd5 Rxd5 25. exd5 Nd4 26. Bxd4 cxd4 27. Rxd4 Bc5 28. Re4 Re8 29. Rd1 a5 30. Kb1 a4 31. Qd2 Bd6 32. Rxb4 a3 33. bxa3 Ra8 34. Rb3 Ra4 35. Qf2 Bc5 36. d6 Bxd6 37. Qe2 Bc5 38. Qb5 Rxh4 39. Qe8+ Kg7 40. Rb8 Qxb8+ 41. Qxb8 Bd4 42. Rxd4 exd4 43. Qe5+ Kg8 44. a4 h6 45. gxh6 Rh5 46. Qg7# 1-0


[Site "https://www.chess.com"]

[Event "Titled Tuesday Blitz March 01 Late 2022"]
[White "Estrada Nieto, Julian"]
[Black "Balint, Vilmos"]
[WhiteFideId "5101018"]
[BlackFideId "718050"]
[WhiteElo "2246"]
[BlackElo "2059"]
[Result "1-0"]
[Round "06"]
[TimeControl "180+1"]
[Date "2022.03.02"]
[WhiteClock "0:00:20"]
[BlackClock "0:01:46"]

1. e4 e6 2. d4 d5 3. Nd2 a6 4. Bd3 c5 5. dxc5 Bxc5 6. Ngf3 Nf6 7. Qe2 O-O 8. O-O Nc6 9. c3 b5 10. e5 Nd7 11. Nb3 Be7 12. a4 b4 13. Nbd4 Bb7 14. Nxc6 Bxc6 15. cxb4 Bxb4 16. Bxh7+ Kxh7 17. Ng5+ Kg6 18. Qc2+ f5 19. exf6+ Kxf6 20. Qxc6 Re8 21. a5 Ne5 22. Qa4 Qd6 23. Rd1 Ke7 24. Ne4 Qb8 25. Bg5+ Kf8 26. Ng3 Nf7 27. Be3 Qb5 28. Qxb5 axb5 29. a6 e5 30. Rxd5 Re6 31. Rxb5 Be7 32. a7 Nd6 33. Rb8+ 1-0


[Site "https://www.chess.com"]

[Event "Titled Tuesday Blitz March 01 Late 2022"]
[White "Ezat, Mohamed"]
[Black "Salinas Herrera, Pablo"]
[WhiteFideId "10600906"]
[BlackFideId "3407128"]
[WhiteElo "2386"]
[BlackElo "2541"]
[Result "1/2-1/2"]
[Round "06"]
[TimeControl "180+1"]
[Date "2022.03.01"]
[WhiteClock "0:00:40"]
[BlackClock "0:00:04"]

1. d4 d5 2. c4 e6 3. Nc3 Nf6 4. cxd5 exd5 5. Bg5 c6 6. Qc2 h6 7. Bxf6 Qxf6 8. e3 Nd7 9. Bd3 Bd6 10. Nge2 O-O 11. O-O Re8 12. Rab1 a5 13. a3 Qe7 14. b4 axb4 15. axb4 Bxb4 16. Ng3 Nf6 17. Bf5 Bxc3 18. Qxc3 Bxf5 19. Nxf5 Qd7 20. Qc2 Ne4 21. Ng3 Nd6 22. Rb3 Ra7 23. h3 Rea8 24. e4 dxe4 25. Nxe4 Nxe4 26. Qxe4 Rd8 27. Rfb1 b5 28. Rc3 Ra6 29. Rbc1 Qxd4 30. Qxd4 Rxd4 31. Rxc6 Rxc6 32. Rxc6 b4 33. Rc7 g5 34. g3 Kg7 35. Rc6 Rd2 36. Rb6 Rb2 37. Kg2 f6 38. Kf3 Kf7 39. Kg4 Kg6 40. Kf3 Kf7 41. Kg4 Rxf2 42. Kh5 Rf3 43. Kg4 Rb3 44. h4 gxh4 45. gxh4 Rb1 46. Kf5 Rf1+ 47. Kg4 Rb1 48. Kf5 Ke7 49. Rb7+ Kd6 50. Kxf6 Kc5 51. Kg6 Rh1 52. h5 Kc4 53. Kxh6 b3 54. Kg6 Kc3 55. Rc7+ Kd2 56. Rb7 Kc2 57. h6 Rg1+ 58. Kf7 Rf1+ 59. Kg7 Rg1+ 60. Kf7 Rf1+ 61. Kg7 b2 62. h7 Rg1+ 63. Kf7 Rh1 64. Kg8 Rg1+ 65. Kf8 Rf1+ 66. Kg8 Rg1+ 67. Kf8 Rh1 68. Kg8 Rxh7 69. Kxh7 b1=Q 70. Rxb1 Kxb1 1/2-1/2


[Site "https://www.chess.com"]

[Event "Titled Tuesday Blitz March 01 Late 2022"]
[White "Fishbein, Alexander"]
[Black "Ibarra Jerez, Jose Carlos"]
[WhiteFideId "2000377"]
[BlackFideId "2226332"]
[WhiteElo "2442"]
[BlackElo "2626"]
[Result "1-0"]
[Round "06"]
[TimeControl "180+1"]
[Date "2022.03.01"]
[WhiteClock "0:00:29"]
[BlackClock "0:00:03"]

1. e4 c5 2. Nf3 e6 3. d4 cxd4 4. Nxd4 Bc5 5. Nb3 Bb6 6. Bd3 Ne7 7. N1d2 d5 8. O-O O-O 9. exd5 exd5 10. h3 Nbc6 11. Nf3 Ng6 12. Re1 h6 13. Be3 Bc7 14. Nbd4 Re8 15. Bxg6 fxg6 16. Qd3 Re4 17. Nb5 Ba5 18. Red1 Bf5 19. Qxd5+ Qxd5 20. Rxd5 Nb4 21. Rxf5 gxf5 22. Nd6 Re6 23. Nxb7 Nxc2 24. Rc1 Nxe3 25. Nxa5 Nd5 26. Nd4 Ra6 27. Rc5 Ne7 28. b4 Rd8 29. Nxf5 Nxf5 30. Rxf5 Rd4 31. a3 Rd1+ 32. Kh2 Rd3 33. Nc4 Rc3 34. Rc5 Rf6 35. f3 Rf4 36. Nd6 Rxa3 37. Rc8+ Rf8 38. Rc7 Rb8 39. Nf5 Rxb4 40. Rxg7+ Kf8 41. Rh7 Rb2 42. Rxh6 Raa2 43. Rg6 a5 44. h4 Kf7 45. h5 Rb5 46. Nd6+ Ke7 47. Nxb5 a4 48. h6 Kf7 49. Rg7+ Kf6 50. Ra7 Rb2 51. Ra6+ Kg5 52. h7 Rxb5 53. h8=Q 1-0


[Site "https://www.chess.com"]